 Dungeon Crawl Stone Soup version 0.28.0-1-gb440e238dd (webtiles) character file.

Game seed: 5415966605238247274

1323 mortz the Conjurer (level 8, -5/54 HPs)
             Began as a Human Conjurer on Feb 20, 2022.
             Slain by a vampire (22 damage)
             ... on level 6 of the Dungeon.
             The game lasted 00:51:00 (7942 turns).

mortz the Conjurer (Human Conjurer)                 Turns: 7942, Time: 00:51:00

Health: -5/54      AC: 13    Str:  8    XL:     8   Next: 90%
Magic:  10/15      EV: 12    Int: 20    God:
Gold:   169        SH:  0    Dex: 12    Spells: 14/17 levels left

rFire   . . .      SeeInvis .   s - +4 dagger (venom)
rCold   + . .      Faith    .   (no shield)
rNeg    . . .      Spirit   .   t - +3 leather armour {rC+}
rPois   .          Reflect  .   a - +1 helmet
rElec   .          Harm     .   (no cloak)
rCorr   .          Rampage  .   h - +2 pair of gloves
Will    .....                   r - +0 pair of boots
Stlth   ++........              (no amulet)
HPRegen 0.18/turn               (no ring)
MPRegen 0.14/turn               (no ring)

@: no status effects
A: no striking features
a: no special abilities


You were on level 6 of the Dungeon.
You visited 2 branches of the dungeon, and saw 8 of its levels.

You collected 388 gold pieces.
You spent 219 gold pieces at shops.

Inventory:

Hand Weapons
 d - a +1 dagger of venom
 n - a +1 vorpal spear
 q - a +0 long sword
 s - a +4 dagger of venom (weapon)
 x - the +5 whip of Growth {drain, *Slow Str+2 Dex+5}
   (You found it on level 5 of the Dungeon)

   A truly terrible weapon, it drains the life of any living foe it strikes.
   Str:       It affects your strength (+2).
   Dex:       It affects your dexterity (+5).
   *Slow:     It may slow you when you take damage.
 A - a +2 short sword of protection
 D - a +2 rapier of venom
Missiles
 u - 12 poisoned darts
Armour
 a - a +1 helmet (worn)
 h - a +2 pair of gloves (worn)
 r - a +0 pair of boots (worn)
 t - a +3 leather armour of cold resistance (worn)
Magical Staves
 b - a staff of air
 E - a staff of earth
Wands
 y - a wand of iceblast (5)
 z - a wand of mindburst (11)
Scrolls
 c - a scroll of blinking {unknown}
 g - a scroll of immolation {unknown}
 i - 3 scrolls of identify {unknown}
 j - 2 scrolls of amnesia {unknown}
 k - a scroll of noise {unknown}
 l - a scroll of fog {unknown}
 o - 3 scrolls of teleportation {unknown}
 v - a scroll of silence {unknown}
 w - a scroll of enchant armour {unknown}
Potions
 e - 4 potions of curing {unknown}
 f - 2 potions of magic {unknown}
 m - a potion of lignification {unknown}
 p - 2 potions of degeneration {unknown}
 B - a potion of heal wounds {unknown}
 C - a potion of haste {unknown}


   Skills:
 + Level 1.3 Fighting
 + Level 0.1 Staves
 + Level 4.3 Armour
 + Level 3.3 Dodging
 + Level 3.4 Stealth
 + Level 5.1 Spellcasting
 + Level 7.2 Conjurations


You had 14 spell levels left.
You knew the following spells:

 Your Spells              Type           Power      Damage    Failure   Level
a - Magic Dart            Conj           100%       1d8       1%          1
b - Searing Ray           Conj           68%        2d6       1%          2

Your spell library contained the following spells:

 Spells                   Type           Power      Damage    Failure   Level
 Conjure Flame            Conj/Fire      19%        6-21      11%         3
 Dazzling Flash           Conj/Hex       38%        N/A       11%         3
 Fulminant Prism          Conj/Hex       9%         3d7       34%         4
 Iskenderun's Mystic Bla  Conj/Tloc      19%        2d6       34%         4
 Sticky Flame             Conj/Fire      19%        2d4       34%         4
 Ignite Poison            Fire/Tmut/Pois 5%         N/A       43%         3


Dungeon Overview and Level Annotations

Branches:
Dungeon (7/15)             Temple (1/1) D:4

Altars:
Cheibriados
Dithmenos
Fedhas
Hepliaklqana
Kikubaaqudgha
Makhleb
Nemelex Xobeh
Okawaru
Sif Muna
Trog
Uskayaw
Wu Jian
Xom
Zin
The Shining One

Shops:
D:1 [(=   D:4 [==[(

Annotations:
D:5 Edmund
D:6 Sigmund


Message History

There is a stone staircase leading up here.
Found a thin runed staff.
Found an escape hatch in the floor.
You see here a staff of earth.
E - a staff of earth A gnoll comes into view.
It is wielding a +0 spear.
The gnoll moves out of view.
A gnoll comes into view. It is wielding a +0 halberd.
Things that are here:
12 arrows; a +0 shortbow You start waiting.
Done waiting.
Things that are here:
12 arrows; a +0 shortbow The vampire gestures wildly while chanting.
The vampire flickers and vanishes!
Deactivating autopickup; reactivate with Ctrl-A.
Things that are here:
12 arrows; a +0 shortbow Something tries to affect you, but you resist.
Casting: Searing Ray (safe; 1% risk of failure)
Confirm with . or Enter, or press ? or * to list all spells.
You can't see any susceptible monsters within range! (Use Z to cast anyway.)
Something hits you but does no damage. Something bites you.
Something draws strength from your injuries!
Casting: Searing Ray (safe; 1% risk of failure)
Confirm with . or Enter, or press ? or * to list all spells.
Aiming: Searing Ray (safe; 1% risk of failure)
Press: ? - help, Shift-Dir - straight line The searing ray hits something but does no damage. (Press . to maintain the ray.)
The searing ray hits something.
Something hits you! Something bites you but does no damage.
The searing ray hits something.
Something hits you!!
* * * LOW HITPOINT WARNING * * *
Something bites you but does no damage.
The searing ray hits something.
You finish channelling your searing ray.
Something hits you!!
You die...

####...<.......##############
.....#########.##...........#
.............#.#...########.#
####.###.........#.# ###.# #
#......>..)(....# #...##### #
#.###.###.#.##.## #........
####.###.##....##.#######.....###
.......#.##....##.............#
## #.#..........@.............#
#...........######..##.....#
####.#.#.###.### #..##.....#
.....#...# #.# #..########
.....#..## #####..# ........#
#......# #.#.##..# #.###.##
#.#.##..#### #.# #.#
..#.####...#### #.###.#


There were no monsters in sight!

Vanquished Creatures
  Eustachio (D:6)
  A water moccasin (D:6)
  An orc warrior (D:6)
  An ogre (D:4)
  A necrophage (D:4)
  A centaur (D:6)
  A kobold brigand (D:7)
  A scorpion (D:6)
  A howler monkey (D:6)
  4 hounds (D:5)
  2 orc priests
  A jelly (D:5)
  Jessica (D:2)
  2 iguanas (D:5)
  An orc wizard (D:3)
  A scorpion zombie (D:5)
  A killer bee zombie (D:7)
  2 gnolls
  A howler monkey skeleton (D:5)
  7 adders
  2 white imps
  A worm (D:4)
  2 dart slugs
  13 orcs
  4 bats
  12 endoplasms
  6 giant cockroaches
  9 goblins
  6 hobgoblins
  2 quokkas
  9 ball pythons
  4 frilled lizards
  13 kobolds
  6 rats
121 creatures vanquished.

Notes
Turn   | Place    | Note
-------+----------+-------------------------------------------
     0 | D:1      | mortz the Human Conjurer began the quest for the Orb.
     0 | D:1      | Reached XP level 1. HP: 13/13 MP: 3/3
   267 | D:1      | Reached XP level 2. HP: 19/19 MP: 3/5
   302 | D:1      | Found Daephoot's Weapon Emporium.
   490 | D:1      | Found Qujaloipt's Jewellery Boutique.
   681 | D:1      | Learned a level 2 spell: Searing Ray
   730 | D:1      | Found a faded altar of an unknown god.
  1001 | D:1      | Found Siororan's Antique Armour Shop.
  1102 | D:2      | Reached XP level 3. HP: 24/24 MP: 2/6
  1711 | D:2      | Reached skill level 5 in Conjurations
  1711 | D:2      | Reached XP level 4. HP: 30/30 MP: 1/7
  1798 | D:2      | Noticed Jessica
  1800 | D:2      | Killed Jessica
  2432 | D:2      | Reached XP level 5. HP: 35/35 MP: 5/9
  3248 | D:3      | Reached XP level 6. HP: 32/41 MP: 1/10
  3262 | D:3      | Found a shimmering altar of Xom.
  3745 | D:4      | Noticed a necrophage
  3745 | D:4      | Found Xijirgh Yrhao's Weapon Shoppe.
  3883 | D:4      | Killed a necrophage
  3884 | D:4      | Reached skill level 6 in Conjurations
  4007 | D:4      | Found Tieged's Antique Armour Emporium.
  4014 | D:4      | Bought a glowing leather armour for 125 gold pieces
  4035 | D:4      | Found a hide-covered altar of Uskayaw.
  4237 | D:4      | Found Dusaxkefa's Armour Boutique.
  4363 | D:1      | Bought a pair of boots for 94 gold pieces
  4579 | D:4      | Found Torchi's Jewellery Boutique.
  4590 | D:4      | You fall into a shaft and drop 3 floors!
  4612 | D:7      | Reached skill level 1 in Armour
  4612 | D:7      | Reached XP level 7. HP: 43/47 MP: 1/12
  4769 | D:7      | Reached skill level 1 in Fighting
  5051 | D:5      | Entered Level 5 of the Dungeon
  5202 | D:4      | Found Vymorrokk's Jewellery Shop.
  5562 | D:4      | Reached XP level 8. HP: 54/54 MP: 7/14
  5689 | D:4      | Found a staircase to the Ecumenical Temple.
  5698 | Temple   | Entered the Ecumenical Temple
  6188 | D:5      | Identified the +5 whip of Growth {drain, *Slow Str+2 Dex+5}
  6357 | D:5      | Found a bloodstained altar of Trog.
  6525 | D:5      | Found an ancient bone altar of Kikubaaqudgha.
  6676 | D:5      | Found a burning altar of Makhleb.
  7048 | D:6      | Noticed a vampire
  7232 | D:6      | Noticed Eustachio
  7234 | D:6      | Noticed Sigmund
  7387 | D:6      | Found a glowing golden altar of the Shining One.
  7420 | D:6      | Killed Eustachio
  7421 | D:6      | Reached skill level 7 in Conjurations
  7632 | D:6      | Reached skill level 5 in Spellcasting
  7640 | D:6      | Noticed Edmund
  7942 | D:6      | Slain by a vampire

Illustrated notes

Levels and vault maps discovered:
D:1:      minmay_arrival_glassed_features, layout_basic,
          ebering_ecumenical_altar_box, serial_shops, nicolae_square_shop, shop,
          nicolae_shop_behind_doors, bh_walls_and_bars
D:2:      kb_forest_paths, layout_loops_ring, hangedman_decor_slide_cut,
          minmay_3d_cube, uniq_jessica
D:3:      layout_basic, old_standard_altar
D:4:      layout_basic, mainiacjoe_overflow_brackets,
          minmay_temple_entry_drinking_statues, serial_shops,
          nicolae_square_shop, nicolae_shop_statue_plus,
          nicolae_shop_bloodbath_and_beyond, shop_coins, shop,
          minmay_diced_spiral
D:5:      layout_rooms, marbit_many_paths, lightli_temple_of_fire,
          lemuel_coloured_pillars_altar
D:6:      nicolae_BIG_FREAKIN_CUBE, layout_loops_ring,
          nicolae_tso_carved_into_rock, uniq_eustachio, uniq_edmund,
          uniq_sigmund
D:7:      layout_loops_corners, mainiacjoe_overflow_24_doors
Temple:   jpeg_temple_island

Skill      XL: |  1  2  3  4  5  6  7  8 |
---------------+-------------------------+-----
Conjurations   | 5 6 7 |  7.2
Spellcasting   | 3 4 5 |  5.1
Dodging        | 3 |  3.3
Armour         | 1 2 4 |  4.3
Fighting       | 1 |  1.3
Stealth        | 3 |  3.4
Staves         | |  0.1

Action                   |  1- 3 |  4- 6 |  7- 9 || total
-------------------------+-------+-------+-------++-------
Melee: Staff             |     1 |       |       ||     1
       Dagger            |     4 |     9 |       ||    13
       Punch             |       |     1 |       ||     1
 Cast: Magic Dart        |    51 |    83 |    34 ||   168
       Searing Ray       |     3 |    12 |    30 ||    45
Armor: Leather armour    |       |     5 |    22 ||    27
Dodge: Dodged            |     5 |     9 |    21 ||    35
